 Dungeon Crawl Stone Soup version 0.30.0-10-gfe55d96785 (webtiles) character file.

Game seed: 1881527991668121876

446 CaptainMV the Conjurer (level 6, -1/43 HPs)
             Began as a Demonspawn Conjurer on May 15, 2023.
             Was a Follower of Vehumet.
             Slain by a gnoll bouda
             ... wielding a +0 club
              (4 damage)
             ... on level 5 of the Dungeon.
             The game lasted 00:33:56 (2557 turns).

CaptainMV the Conjurer (Demonspawn Conjurer)        Turns: 2557, Time: 00:34:02

Health: -1/43      AC:  4    Str:  8    XL:     6   Next: 73%
Magic:  5/10       EV: 12    Int: 21    God:    Vehumet [*.....]
Gold:   193        SH:  4    Dex: 11    Spells: 2/10 levels left

rFire   . . .        a - +0 scythe
rCold   . . .        (shield currently unavailable)
rNeg    . . .        d - +0 robe
rPois   .            (no helmet)
rElec   .            q - +0 cloak
rCorr   .            (no gloves)
SInv    .            p - +0 pair of boots
Will    .....        i - amulet of magic regeneration
Stlth   ++           (no ring)
HPRegen 0.27/turn    (no ring)
MPRegen 0.52/turn

%: no passive effects
@: no status effects
A: powered by death 1, condensation shield, demonic touch 1
a: Renounce Religion


You were on level 5 of the Dungeon.
You worshipped Vehumet.
Vehumet was aware of your devotion.
You visited 1 branch of the dungeon, and saw 5 of its levels.

You collected 193 gold pieces.

Inventory:

Hand Weapons
 a - a +0 scythe (weapon)
 e - a +2 dagger of venom
Missiles
 c - 4 poisoned darts (quivered)
Armour
 d - a +0 robe (worn)
 p - a +0 pair of boots (worn)
 q - a +0 cloak (worn)
Magical Staves
 b - a staff of death
Jewellery
 i - an amulet of magic regeneration (around neck)
Scrolls
 l - 2 scrolls of fear
 m - 2 scrolls of fog
 n - a scroll of teleportation
 o - a scroll of silence
 r - a scroll of amnesia {unknown}
Potions
 f - 2 potions of invisibility
 g - a potion of magic
 h - a potion of flight
 j - 3 potions of haste {unknown}
 k - 3 potions of brilliance {unknown}


   Skills:
 + Level 1.6 Fighting
 + Level 2.4 Short Blades
 + Level 0.2 Staves
 + Level 2.8 Dodging
 + Level 3.6 Stealth
 + Level 0.4 Shields
 + Level 2.9 Spellcasting
 + Level 4.9 Conjurations
 + Level 1.8 Necromancy


You had 2 spell levels left.
You knew the following spells:

 Your Spells              Type           Power      Damage    Failure   Level
a - Magic Dart            Conj           92%        1d7       1%          1
b - Necrotise             Necr           40%        1d6       6%          1
c - Searing Ray           Conj           46%        2d6       2%          2
d - Manifold Assault      Tloc           3%         N/A       80%         4

Your spell library contained the following spells:

 Spells                   Type           Power      Damage    Failure   Level
 Sandblast                Erth           6%         2d5       14%         1
 Apportation              Tloc           6%         N/A       14%         1
 Freeze                   Ice            12%        1d3       14%         1
 Summon Small Mammal      Summ           12%        N/A       14%         1
 Blink                    Tloc           6%         N/A       21%         2
 Dazzling Flash           Conj/Hex       26%        N/A       14%         3
 Hailstorm                Conj/Ice       13%        3d5       14%         3
 Frozen Ramparts          Ice            6%         1d1       38%         3
 Fulminant Prism          Conj/Hex       6%         3d7       43%         4
 Iskenderun's Mystic Bla  Conj/Tloc      13%        2d5       43%         4
 Storm Form               Tmut/Air       1%         N/A       100%        7


Dungeon Overview and Level Annotations

Branches:
Dungeon (5/15)             Temple (0/1) D:5

Altars:
Vehumet

Shops:
D:2 [


Innate Abilities, Weirdness & Mutations

You regenerate a little health from kills.
A meltable shield of frost defends you. (SH +4)
Your touch may inflict minor irresistible damage on your foes.


Message History

The gnoll bouda is heavily wounded.
The gnoll bouda misses you. The gnoll hits you with a +0 flail.
The searing ray hits the gnoll bouda.
The gnoll bouda is severely wounded.
You finish channelling your searing ray.
The gnoll bouda hits you with a +0 club!
The gnoll hits you with a +0 flail!
The gnoll bouda hits you but does no damage.
You block the gnoll's attack.
The gnoll bouda hits you with a +0 club!
* * * LOW HITPOINT WARNING * * *
The gnoll hits you with a +0 flail.
* * * LOW HITPOINT WARNING * * *
Read: 3 scrolls of fear
Press: ? - help, Q - select action, (/) - cycle Dir - look around, f - activate
As you read the scroll of fear, it crumbles to dust.
You assume a fearsome visage.
The gnoll bouda looks frightened!
The gnoll looks frightened!
Casting: Searing Ray (safe; 2% risk of failure)
Confirm with . or Enter, or press ? or * to list all spells.
Aiming: Necrotise (safe; 6% risk of failure)
Press: ? - help, Shift-Dir - straight line, f - gnoll bouda
Aim: a gnoll bouda, wielding a +0 club and wearing a +0 leather armour (heavily wounded, fleeing, chance to affect: 63%)
Your attack snaps the gnoll bouda out of its fear.
The gnoll bouda resists with significant effort.
Casting: Necrotise (safe; 6% risk of failure)
Confirm with . or Enter, or press ? or * to list all spells.
Aiming: Necrotise (safe; 6% risk of failure)
Press: ? - help, Shift-Dir - straight line, f/p - gnoll bouda
Aim: a gnoll bouda, wielding a +0 club and wearing a +0 leather armour (heavily wounded, chance to affect: 63%)
The gnoll bouda writhes in agony.
The gnoll bouda barely misses you.
Casting: Necrotise (safe; 6% risk of failure)
Confirm with . or Enter, or press ? or * to list all spells.
Aiming: Necrotise (safe; 6% risk of failure)
Press: ? - help, Shift-Dir - straight line, f/p - gnoll bouda
Aim: a gnoll bouda, wielding a +0 club and wearing a +0 leather armour (almost dead, chance to affect: 63%)
The gnoll bouda resists with significant effort.
Your attacks no longer feel as feeble.
The gnoll bouda hits you with a +0 club.
You die...

## ## .. ###. . ...
#..## .#.. #....#
##). ......
...####.g# ......
...g....@###.....
#..#...>..#...# .
#...#.........#.#..
#.#.##.##..........
#..#.## ##..##...#
#....###........##
#<[...............
###.#.....##......
#..#......#.....#


You could see a gnoll bouda and a gnoll (swift, fleeing).

Vanquished Creatures
  Sigmund (D:4)
  An ogre (D:4)
  A hound (D:5)
  An iguana (D:4)
  2 gnolls (D:5)
  4 adders
  An ufetubus (D:4)
  A dart slug (D:3)
  6 orcs
  2 bats
  8 endoplasms
  5 giant cockroaches
  9 goblins
  4 hobgoblins
  3 jackals (D:1)
  2 quokkas
  8 ball pythons
  6 frilled lizards
  7 kobolds
  2 rats
74 creatures vanquished.

Vanquished Creatures (collateral kills)
  An orc (D:4)
1 creature vanquished.

Grand Total: 75 creatures vanquished

Notes
Turn   | Place    | Note
-------+----------+-------------------------------------------
     0 | D:1      | CaptainMV the Demonspawn Conjurer began the quest for the
                  | Orb.
     0 | D:1      | Reached XP level 1. HP: 13/13 MP: 3/3
   329 | D:1      | Discovered your monstrous ancestry.
   329 | D:1      | Gained mutation: Your touch may inflict minor irresistible
                  | damage on your foes. [demonic ancestry]
   329 | D:1      | Reached XP level 2. HP: 15/19 MP: 5/5
   725 | D:2      | Reached XP level 3. HP: 18/24 MP: 1/6
   773 | D:2      | Found Akkupryj's Antique Armour Boutique.
   857 | D:2      | Learned a level 1 spell: Necrotise
   861 | D:2      | Learned a level 2 spell: Searing Ray
   974 | D:2      | Found a radiant altar of Vehumet.
   992 | D:2      | Became a worshipper of Vehumet
  1241 | D:2      | Gained mutation: A meltable shield of frost defends you.
                  | (SH +4) [demonic ancestry]
  1241 | D:2      | Reached XP level 4. HP: 25/31 MP: 7/7
  1885 | D:4      | Reached skill level 1 in Short Blades
  2066 | D:4      | Noticed an ogre
  2074 | D:4      | Killed an ogre
  2075 | D:4      | Reached skill level 1 in Fighting
  2075 | D:4      | Reached skill level 1 in Necromancy
  2075 | D:4      | Reached XP level 5. HP: 22/37 MP: 0/8
  2090 | D:4      | Reached * piety under Vehumet
  2090 | D:4      | Offered knowledge of Sandblast by Vehumet.
  2096 | D:4      | Learned a level 4 spell: Manifold Assault
  2137 | D:4      | Noticed Sigmund
  2171 | D:4      | HP: 1/37 [something (10)]
  2182 | D:4      | Killed Sigmund
  2183 | D:4      | Gained mutation: You regenerate a little health from kills.
                  | [demonic ancestry]
  2183 | D:4      | Reached XP level 6. HP: 11/43 MP: 5/10
  2508 | D:5      | Entered Level 5 of the Dungeon
  2535 | D:5      | Found a staircase to the Ecumenical Temple.
  2553 | D:5      | HP: 1/43 [gnoll/+0 flail[a gnoll bouda] (3)]
  2557 | D:5      | Slain by a gnoll bouda

Illustrated notes

Levels and vault maps discovered:
D:1:      matt_arrival_spirals, layout_loops_ring, hex_tiny
D:2:      layout_rooms, serial_corexii_hall, chequers_hall_statues_corner_a,
          corexii_hall_statues_deadend, serial_shops, shop, basic_altar
D:3:      layout_basic
D:4:      layout_cave_pods, led_sif_book, grunt_decor_clamped, uniq_sigmund
D:5:      layout_cave_pools, grunt_temple_overflow_holy_war,
          nicolae_overflow_hidden_temple, kennysheep_little_box,
          minmay_temple_entry_wispy, minmay_mini_ossuary

Skill      XL: |  1  2  3  4  5 |
---------------+----------------+-----
Stealth        | 2 3 |  3.6
Dodging        | 2 |  2.8
Short Blades   | 1 2 |  2.4
Fighting       | 1 |  1.6
Necromancy     | 1 |  1.8
Staves         | |  0.2
Shields        | |  0.4
Spellcasting   | |  2.9
Conjurations   | |  4.9

Action                     |  1- 3 |  4- 6 || total
---------------------------+-------+-------++-------
  Melee: Short sword       |    77 |    16 ||    93
         Touch             |     7 |     8 ||    15
         Staff             |    31 |       ||    31
         Dagger            |       |    37 ||    37
         Punch             |       |     1 ||     1
         Halberd           |       |     2 ||     2
  Throw: Dart              |     1 |       ||     1
   Cast: Magic Dart        |    15 |     3 ||    18
         Searing Ray       |     2 |    15 ||    17
         Necrotise         |       |    10 ||    10
    Use: Scroll            |    10 |     2 ||    12
         Potion            |       |     3 ||     3
   Stab: Sleeping          |     5 |     1 ||     6
 Armour: Robe              |    15 |     8 ||    23
  Dodge: Dodged            |    63 |    43 ||   106
  Block: Other             |       |     9 ||     9
